 Dungeon Crawl Stone Soup version 0.31-a0-981-geadf994542 (webtiles) character file.

Game seed: 1420725808501375054

17 GordonOverkill the Sneak (level 2, -9/28 HPs)
             Began as a Naga Delver on Nov 1, 2023.
             Mangled by an iguana (11 damage)
             ... on level 3 of the Dungeon.
             The game lasted 00:03:19 (603 turns).

GordonOverkill the Sneak (Naga Delver)               Turns: 603, Time: 00:03:20

Health: -9/28      AC:  4    Str: 14    XL:     2   Next: 62%
Magic:  2/2        EV:  8    Int: 10    God:
Gold:   10         SH:  0    Dex: 12    Spells: 1/1 levels left

rFire   . . .        a - +0 hand axe
rCold   . . .        (no shield)
rNeg    . . .        q - +0 ring mail
rPois   +            (no helmet)
rElec   .            l - +0 cloak
rCorr   .            (no gloves)
SInv    +            (no barding)
Will    .....        (no amulet)
Stlth   +++          k - ring of flight
HPRegen 0.24/turn    (no ring)
MPRegen 0.08/turn

%: no passive effects
@: flying, very slow
A: AC +0, large, see invisible, deformed body, poison resistance, slowness 2,
spit poison 1, naga tail 1
a: Spit Poison


You were on level 3 of the Dungeon.
You visited 1 branch of the dungeon, and saw 4 of its levels.

You collected 10 gold pieces.

Inventory:

Hand Weapons
 a - a +0 hand axe (weapon)
Armour
 l - a +0 cloak (worn)
 q - a +0 ring mail (worn)
Jewellery
 k - a ring of flight (left hand)
Wands
 g - a wand of digging (3)
 h - a wand of flame (22)
 n - a wand of roots (8)
Scrolls
 c - a scroll of fog
 d - a scroll of revelation
 e - a scroll of fear
 j - a scroll of amnesia {unknown}
 m - a scroll of teleportation {unknown}
 p - a scroll of poison {unknown}
Potions
 f - a potion of haste
 i - 2 potions of enlightenment {unknown}
 o - 2 potions of invisibility {unknown}


   Skills:
 - Level 3.0 Fighting
 + Level 3.1 Axes
 - Level 1.5 Dodging
 - Level 7.2 Stealth


You had one spell level left.
You didn't know any spells.
Your spell library was empty.

Dungeon Overview and Level Annotations

Branches:
Dungeon (6/15)
 Temple: D:4-7

Altars:
Kikubaaqudgha


Innate Abilities, Weirdness & Mutations

Your serpentine skin is tough. (AC +0)
You have supernaturally acute eyesight. (SInv)
Armour fits poorly on your strangely shaped body.
Your system is resistant to poisons. (rPois)
You cover ground very slowly.
You can spit poison.
You have a snake-like lower body.


Message History

You finish putting on your +0 ring mail.
You drop a +0 leather armour.
You see here a +0 leather armour.
An iguana comes into view.
Found a stone staircase leading up.
An iguana is nearby!
The helpless iguana fails to defend itself.
You slash the iguana!
The iguana is severely wounded.
The iguana misses you.
You hit the iguana but do no damage.
The iguana is severely wounded.
The iguana bites you.
You hit the iguana but do no damage.
The iguana is severely wounded.
The iguana barely misses you.
You hit the iguana.
The iguana is almost dead.
The iguana bites you but does no damage.
You hit the iguana but do no damage.
The iguana is almost dead.
The iguana completely misses you.
You hit the iguana but do no damage.
The iguana is almost dead.
The iguana bites you.
You hit the iguana but do no damage.
The iguana is almost dead.
The iguana barely misses you. The iguana bites you!
* * * LOW HITPOINT WARNING * * *
You barely miss the iguana.
The iguana is almost dead.
The iguana bites you!
* * * LOW HITPOINT WARNING * * *
Cleave: a) +0 hand axe
Press: ? - help, Dir - move target, f - iguana
Aim: an iguana (almost dead, about 36% to evade your +0 hand axe)
You hit the iguana but do no damage.
The iguana is almost dead.
The iguana bites you!
You die...

#..###.##.
#.## #.# #.#
#.# #.# #.#
####.#
#...@#
#.##l.......
# #######..


You could see an iguana.

Vanquished Creatures
  4 dart slugs (D:5)
  An orc (D:4)
  An endoplasm (D:3)
  A goblin (D:4)
  A kobold (D:4)
8 creatures vanquished.

Notes
Turn   | Place    | Note
-------+----------+-------------------------------------------
     0 | D:5      | GordonOverkill the Naga Delver began the quest for the Orb.
     0 | D:5      | Reached XP level 1. HP: 21/21 MP: 1/1
     7 | D:5      | Found an ancient bone altar of Kikubaaqudgha.
    18 | D:5      | Noticed a scorpion
   108 | D:5      | Reached XP level 2. HP: 26/28 MP: 2/2
   131 | D:5      | Noticed an ogre
   603 | D:3      | Mangled by an iguana

Illustrated notes

Levels and vault maps discovered:
D:3:      layout_loops_ring, nicolae_hepliaklqana_hippocampus,
          cheibrodos_sewer_entry_bend
D:4:      layout_basic, dreamdust_divine_triumvirate
D:5:      kennysheep_slugbush, layout_basic, nicolae_ru_path_of_blood,
          mainiacjoe_overflow_six_doors_small, lemuel_crystal_altar, minitemple,
          minmay_temple_entry_ruins
D:6:      layout_basic

Skill      XL: |  1  2 |
---------------+-------+-----
Axes           | 3 |  3.1
Fighting       | |  3.0
Dodging        | |  1.5
Stealth        | |  7.2

Action                     || total
---------------------------++-------
  Melee: Hand axe          ||    39
   Stab: Sleeping          ||     6
 Armour: Leather armour    ||    19
         Ring mail         ||     6
  Dodge: Dodged            ||     8

Table legend: (Time is in decaauts)
 A = Elapsed time spent in this place.
 B = Non-inter-level travel time spent in this place.
 C = Inter-level travel time spent in this place.
 D = Time resting spent in this place.
 E = Time spent auto-exploring this place.
 F = Levels seen in this place.
 G = Mean time per level.
                   A        B        C        D        E       F      G
               +--------+--------+--------+--------+--------+-----+--------+
         Total |    741 |    741 |      0 |    185 |      0 |   4 |  185.2 |
       Dungeon |    741 |    741 |      0 |    185 |      0 |   4 |  185.2 |
               +--------+--------+--------+--------+--------+-----+--------+

Top non-repeatable levels by time:
     D:4: 432 daAuts
     D:5: 213 daAuts
     D:3: 94 daAuts
     D:6: 1 daAuts
